General information
			
			
        
        - name: BNet
 
        - type: Ladder 1vs1/FFA
 
        - host: Battle.net
 
        - saver: DukeOfDefence
 
        
map: TirisfalGlades 
        - players: 2
 
        - length: 16:11
 
        - speed: Fast
 - version: 1.22 W3XP
 - replay type:  Public
 
» download(73 KB)
Players
        team 1 (loser) 
              
              
Black_mamba)hu (
pink | 205 APM | 3317 actions | 16:10)
              
 2 Blademaster 
 1 Wind Walk
 1 Critical Strike
 1 Shadow Hunter 
 1 Healing Wave
 
                » actions 
                
                | Assign group hotkey | 39 |  | 
| Basic commands | 373 |  | 
| Build / train | 45 |  | 
| Enter build submenu | 17 |  | 
| Enter hero's abilities submenu | 3 |  | 
| Give item / drop item | 3 |  | 
| Right click | 908 |  | 
| Select / deselect | 576 |  | 
| Select group hotkey | 1236 |  | 
| Use ability | 117 |  | 
                3317 total
 » units 
                
                | Peon | 9 |  | 
| Grunt | 5 |  | 
| Demolisher | 6 |  | 
| Spirit Walker | 2 |  | 
| Raider | 3 |  | 
                25 total
 » upgrades
                
                | Berserker Strength | 1 |  | 
| Ensnare | 1 |  | 
                2 total
 » buildings
                
                | Altar of Storms | 1 |  | 
| Orc Burrow | 4 |  | 
| Barracks | 1 |  | 
| Voodoo Lounge | 1 |  | 
| Stronghold | 1 |  | 
| War Mill | 1 |  | 
| Spirit Lodge | 1 |  | 
| Watch Tower | 3 |  | 
| Beastiary | 2 |  | 
| Great Hall | 1 |  | 
                16 total
 » build order
                00:09 Altar of Storms
00:17 Orc Burrow
00:39 Barracks
01:34 Orc Burrow
01:57 Voodoo Lounge
03:23 Stronghold
04:25 Orc Burrow
05:27 War Mill
06:01 Spirit Lodge
07:43 Orc Burrow
08:27 Watch Tower
10:02 Beastiary
11:39 Watch Tower
12:47 Beastiary
13:51 Great Hall
15:44 Watch Tower
» items
                
                | Circlet of Nobility | 1 |  | 
| Healing Salve | 6 |  | 
| Boots of Speed | 1 |  | 
| Lesser Clarity Potion | 1 |  | 
                9 total
  
               team 2 (winner) 
              
              
DukeOfDefence (
blue | 107 APM | 1741 actions | 16:11)
              
 3 Archmage 
 2 Blizzard
 1 Brilliance Aura
 2 Blood Mage 
 1 Flame Strike
 1 Banish
 1 Mountain King 
 1 Storm Bolt
 
                » actions 
                
                | Assign group hotkey | 16 |  | 
| Basic commands | 13 |  | 
| Build / train | 91 |  | 
| ESC pressed | 1 |  | 
| Enter build submenu | 35 |  | 
| Enter hero's abilities submenu | 6 |  | 
| Give item / drop item | 4 |  | 
| Right click | 966 |  | 
| Select / deselect | 324 |  | 
| Select group hotkey | 182 |  | 
| Use ability | 103 |  | 
                1741 total
 » units 
                
                | Peasant | 19 |  | 
| Priest | 2 |  | 
| Sorceress | 2 |  | 
                23 total
 » upgrades
                
                | Masonry | 3 |  | 
| Lumber Harvesting | 2 |  | 
| Magic Sentry | 1 |  | 
| Sorceress Training | 1 |  | 
| Priest Training | 1 |  | 
                8 total
 » buildings
                
                | Altar of Kings | 1 |  | 
| Farm | 4 |  | 
| Scout Tower | 26 |  | 
| Lumber Mill | 1 |  | 
| Arcane Tower | 5 |  | 
| Guard Tower | 20 |  | 
| Arcane Vault | 2 |  | 
| Town Hall | 1 |  | 
| Keep | 1 |  | 
| Castle | 1 |  | 
| Arcane Sanctum | 1 |  | 
                63 total
 » build order
                00:05 Altar of Kings
00:19 Farm
00:21 Scout Tower
00:26 Lumber Mill
00:49 Arcane Tower
01:22 Farm
01:35 Scout Tower
02:02 Guard Tower
02:13 Farm
03:27 Arcane Vault
04:09 Scout Tower
04:11 Scout Tower
04:17 Scout Tower
04:24 Scout Tower
04:28 Scout Tower
04:30 Guard Tower
04:37 Guard Tower
04:54 Arcane Tower
04:56 Scout Tower
04:57 Scout Tower
04:57 Scout Tower
04:59 Guard Tower
05:09 Guard Tower
05:11 Scout Tower
05:15 Scout Tower
05:21 Scout Tower
05:31 Arcane Tower
05:33 Guard Tower
05:44 Arcane Tower
05:58 Town Hall
06:01 Guard Tower
06:03 Guard Tower
06:06 Scout Tower
06:40 Scout Tower
06:41 Guard Tower
06:45 Scout Tower
06:46 Scout Tower
07:08 Guard Tower
07:09 Scout Tower
07:45 Arcane Tower
07:46 Guard Tower
07:47 Scout Tower
07:50 Guard Tower
08:11 Keep
08:22 Guard Tower
08:57 Arcane Vault
10:42 Castle
10:45 Arcane Sanctum
11:18 Guard Tower
11:22 Guard Tower
13:11 Farm
13:19 Scout Tower
13:20 Scout Tower
13:21 Scout Tower
13:23 Scout Tower
13:31 Scout Tower
13:32 Scout Tower
13:48 Guard Tower
14:06 Scout Tower
14:37 Guard Tower
14:38 Guard Tower
14:52 Guard Tower
15:58 Guard Tower
» items
                
                | Staff of Teleportation | 2 |  | 
| Boots of Speed | 2 |  | 
| Scroll of Regeneration | 4 |  | 
| Lesser Clarity Potion | 3 |  | 
| Potion of Healing | 7 |  | 
| Ivory Tower | 2 |  | 
| Potion of Mana | 1 |  | 
| Periapt of Vitality | 1 |  | 
| Circlet of Nobility | 1 |  | 
| Staff of Sanctuary | 1 |  | 
                24 total
  
                Chat log
          
(01:18 / All) Black_mamba)hu: gl
(01:23 / All) DukeOfDefence: hf